 Dungeon Crawl Stone Soup version 0.29.1-2-gbd0b4ee654 (webtiles) character file.

Game seed: 6086712584585150270

77 RKaid the Shooter (level 4, -6/27 HPs)
             Began as a Tengu Hunter on Oct 23, 2022.
             Mangled by a gnoll
             ... wielding a +0 flail
              (8 damage)
             ... on level 3 of the Dungeon.
             The game lasted 00:03:58 (2349 turns).

RKaid the Shooter (Tengu Hunter)                    Turns: 2349, Time: 00:03:59

Health: -6/27      AC:  3    Str: 12    XL:     4   Next: 33%
Magic:  5/5        EV: 13    Int:  9    God:
Gold:   65         SH:  0    Dex: 19    Spells: 3/3 levels left

rFire   . . .      SeeInvis .   a - +0 shortbow
rCold   . . .      Faith    .   (shield currently unavailable)
rNeg    . . .      Spirit   .   c - +0 leather armour
rPois   .          Reflect  .   (helmet restricted)
rElec   .          Harm     .   (no cloak)
rCorr   .          Rampage  .   (no gloves)
Will    .....                   (boots unavailable)
Stlth   ++........              (no amulet)
HPRegen 0.09/turn               (no ring)
MPRegen 0.09/turn               (no ring)

@: attractive
A: beak, talons 3
a: no special abilities


You were on level 3 of the Dungeon.
You visited 1 branch of the dungeon, and saw 3 of its levels.

You collected 65 gold pieces.

Inventory:

Hand Weapons
 a - a +0 shortbow (weapon)
Armour
 c - a +0 leather armour (worn)
Wands
 j - a wand of paralysis (13)
   (You found it on level 2 of the Dungeon)
Scrolls
 b - a scroll of immolation {!r}
 d - a scroll of fear {unknown}
 e - a scroll of butterflies {unknown}
 k - 4 scrolls of identify {unknown}
Potions
 f - a potion of curing {unknown}
 g - a potion of heal wounds {unknown}
 l - a potion of haste {unknown}


   Skills:
 + Level 2.7 Fighting
 * Level 5.4 Ranged Weapons
 + Level 3.1 Dodging
 - Level 1.0 Stealth


You had 3 spell levels left.
You didn't know any spells.
Your spell library contained the following spells:

 Spells                   Type           Power      Damage    Failure   Level
 Blink                    Tloc           0%         N/A       61%         2
 Lesser Beckoning         Tloc           0%         N/A       83%         3
 Manifold Assault         Tloc           0%         N/A       100%        5


Dungeon Overview and Level Annotations

Branches:
Dungeon (3/15)

Altars:

Annotations:
D:2 1 runed translucent door, Crazy Yiuf, Sigmund


Innate Abilities, Weirdness & Mutations

You have a beak for a mouth.
You have claws for feet.


Message History

You shoot an arrow. The arrow hits the rat.
You kill the rat!
No target in view!
Found a stone staircase leading down.
m - a coppery potion You hear the slow rusting of a drain nearby.
A goblin comes into view. It is wielding a +0 club.
The goblin shouts!
You shoot an arrow.
The arrow hits the goblin but does no damage.
You shoot an arrow. The arrow barely misses the goblin.
You shoot an arrow. The arrow barely misses the goblin.
The goblin hits you with a +0 club.
You shoot an arrow. The arrow hits the goblin.
You kill the goblin!
No target in view!
No target in view!
You hear the rusting of a drain nearby.
A giant cockroach comes into view.
The giant cockroach waves its antennae.
Unknown command.
You shoot an arrow. The arrow hits the giant cockroach.
The giant cockroach closely misses you.
You shoot an arrow. The arrow hits the giant cockroach!
You kill the giant cockroach!
No target in view!
No target in view!
A rat comes into view.
You shoot an arrow. The arrow barely misses the rat.
You shoot an arrow. The arrow barely misses the rat.
You shoot an arrow. The arrow closely misses the rat.
You shoot an arrow. The arrow hits the rat.
You kill the rat!
No target in view!
No target in view!
You see here a rat corpse.
A kobold comes into view. It is wielding a +0 whip.
You shoot an arrow. The arrow hits the kobold.
The kobold shouts!
A kobold comes into view. It is wielding a +0 short sword.
You shoot an arrow. The arrow hits the kobold!
You kill the kobold!
The kobold throws a stone.
The stone hits you.
You shoot an arrow. The arrow hits the kobold!
You kill the kobold!
No target in view!
No target in view!
No target in view!
No target in view!
No target in view!
Unknown command.
No target in view!
No target in view!
No target in view!
No target in view!
No target in view!
No target in view!
A worm comes into view.
You hear the rusting of a very distant drain.
You shoot an arrow. The arrow hits the worm.
You shoot an arrow. The arrow barely misses the worm.
You shoot an arrow. The arrow hits the worm!
You shoot an arrow. The arrow hits the worm.
You shoot an arrow. The arrow hits the worm.
You shoot an arrow. The arrow hits the worm!
You kill the worm!
You hear the brisk rusting of a very distant drain.
What are your orders? t - Shout!
Orders for allies: a - Attack new target. r - Retreat! s - Stop attacking. g - Guard the area. f - Follow me.
Anything else - Cancel.
Okay, then. 4 gnolls come into view.
A gnoll is wielding a +3 spear of venom.
Found a stone staircase leading down.
The gnoll shouts! x3; You hear a shout!
A kobold comes into view. It is wielding a +0 short sword.
The gnoll shouts!
You hear an angry hiss.
The gnoll closely misses you. The gnoll hits you with a +0 flail!
Really attack while wielding your +0 shortbow?
Okay, then.
The gnoll attacks as you move away! The gnoll barely misses you.
The gnoll hits you from afar with a +0 spear.
The gnoll attacks as you move away! The gnoll barely misses you.
The gnoll attacks as you move away! The gnoll closely misses you.
The gnoll attacks as you move away! The gnoll misses you.
The gnoll attacks as you move away! The gnoll hits you with a +0 flail!
* * * LOW HITPOINT WARNING * * *
Okay, then.
Okay, then.
It was a potion of cancellation.
You feel magically purged. The gnoll barely misses you.
It was a potion of magic.
Magic courses through your body. The gnoll barely misses you.
The gnoll closely misses you.
It was a potion of attraction.
You feel attractive to monsters. The gnoll misses you.
The gnoll hits you with a +0 flail!
You die...

#.....# .#
#..#### .# #..#
#..#### ####
#.....# #..
##.##.# #.#
#†##.#########.#
#.##...........#
#.############@#
#.....#
##.###g#####.#
#####.#
#.#g.g........ #
##.#######.##.
#. #.# ###.##
#g# ..... #.#
#.#g##K#
#.>g.#g#


You could see 2 gnolls.

Vanquished Creatures
  2 adders (D:2)
  4 worms
  A dart slug (D:2)
  3 ball pythons
  3 bats (D:1)
  3 endoplasms
  2 giant cockroaches
  3 hobgoblins
  3 jackals (D:1)
  A quokka (D:1)
  2 frilled lizards (D:1)
  5 goblins
  7 kobolds
  6 rats
45 creatures vanquished.

Notes
Turn   | Place    | Note
-------+----------+-------------------------------------------
     0 | D:1      | RKaid the Tengu Hunter began the quest for the Orb.
     0 | D:1      | Reached XP level 1. HP: 12/12 MP: 2/2
   105 | D:1      | Found a faded altar of an unknown god.
   216 | D:1      | Reached XP level 2. HP: 17/17 MP: 3/3
   736 | D:2      | Noticed Sigmund
   809 | D:2      | Reached XP level 3. HP: 22/22 MP: 4/4
   815 | D:2      | Reached skill level 5 in Ranged Weapons
  1358 | D:2      | Reached XP level 4. HP: 27/27 MP: 5/5
  1433 | D:2      | Reached skill level 3 in Dodging
  1474 | D:2      | Found a runed translucent door.
  1475 | D:2      | Noticed Crazy Yiuf
  1760 | D:2      | HP: 2/27 [Sigmund/+3 scythe of pain (12)]
  2346 | D:3      | HP: 2/27 [gnoll/+0 flail (9)]
  2349 | D:3      | Mangled by a gnoll

Illustrated notes

Levels and vault maps discovered:
D:1:      dpeg_arrival_renting, layout_basic, nicolae_ecumenical_lake_church
D:2:      kennysheep_big_flooded_room, layout_basic, uniq_sigmund,
          uniq_crazy_yiuf_cottage
D:3:      layout_loops_ring, lightli_sewer_entry_pipes

Skill      XL: |  1  2  3  4 |
---------------+-------------+-----
Ranged Weapons | 5 |  5.4
Dodging        | 3 |  3.1
Fighting       | |  2.7
Stealth        | |  1.0

Action                   |  1- 3 |  4- 6 || total
-------------------------+-------+-------++-------
 Fire: Shortbow          |    97 |    43 ||   140
  Use: Potion            |       |     3 ||     3
Armor: Leather armour    |     5 |       ||     5
Dodge: Dodged            |    16 |    10 ||    26

Table legend: (Time is in decaauts)
 A = Elapsed time spent in this place.
 B = Non-inter-level travel time spent in this place.
 C = Inter-level travel time spent in this place.
 D = Time resting spent in this place.
 E = Time spent auto-exploring this place.
 F = Levels seen in this place.
 G = Mean time per level.
                   A        B        C        D        E       F      G
               +--------+--------+--------+--------+--------+-----+--------+
         Total |   2392 |   2308 |     84 |    667 |   1162 |   3 |  797.3 |
       Dungeon |   2392 |   2308 |     84 |    667 |   1162 |   3 |  797.3 |
               +--------+--------+--------+--------+--------+-----+--------+

Top non-repeatable levels by time:
     D:1: 1085 daAuts
     D:2: 1027 daAuts
     D:3: 279 daAuts

Table legend:
 A = Kills in this place as a percentage of kills in entire the game.
 B = Kills by you in this place as a percentage of kills by you in the entire game.
 C = Kills by friends in this place as a percentage of kills by friends in the entire game.
 D = Other kills in this place as a percentage of other kills in the entire game.
 E = Experience gained in this place as a percentage of experience gained in the entire game.
 F = Experience gained in this place divided by the number of levels of this place that you have seen.
                   A       B       C       D       E      F
               +-------+-------+-------+-------+-------+----------------------
         Total | 100.0 | 100.0 |   N/A |   N/A | 100.0 |  36.7
       Dungeon | 100.0 | 100.0 |   N/A |   N/A | 100.0 |  36.7
               +-------+-------+-------+-------+-------+----------------------
